Arrhythmia, chaotic female vampiric Convict ----------------------------------------------------------------------------- |...2.|}}}}}}}}}.............................................}}}}}}}}}|.|...| |<---.|}-------}}}}}}}}}}}}}}}}}}}}}}}}}}}}}}}}}}}}}}}}}}}}}}}-------}|.|.|.| |.|...|}|.....|-----------------------------------------------|.....|}|...|.| |.|.--|}|..._%)....[.................)%.).....................-.....|}|---|.| |.|...|}---@-------------------)-------%-----------------------------}|...|.| |.---2|}}}}v}|........|........[%..00........|.......-.-%%%%%%%|}}}}}}|.|.|.| |...|.|.....}|..%.....|.(......(.|%..%.......|.......|.|%%%.%%%|}.......|...| |.|.|.|.....}|........|----------|..%..%.....|--------|--------|}.....-----.| |.|.|.|.....}+...{....-..........-..........(-%^)%.^...^...^..^-......|.....| |--.|--.....}|........|----------|....%......|--------|--------|}.....|.----| |...|.......}|........|(...[.[)+.|...........|))))))%|.|[[[[[[[|}.....|.....| |.---.|}}}}}}|........|.....)...*[...........|)))))))-.-[.[[[[.|}}}}}}|----.| |.|...|}-------------------------------.-----------------------------}|...|.| |.|.--|}|.....-...............................................-.....|}|.---.| |...|.|}|..(..|-----------------------------------------------|.....|}|.|...| |.---.|}-------}}}}}}}}}}}}}}}}}}}}}}}}}}}}}}}}}}}}}}}}}}}}}}}-------}|.|.--| |.....|}}}}}}}}}....%........................................}}}}}}}}}|.....| ----------------------------------------------------------------------------- Arrhythmia the Outlaw Experience level: 15 Strength: 18/01 Dexterity: 16 Constitution: 18 Intelligence: 9 Wisdom: 14 Charisma: 9 Health: 0(95) Energy: 90(90) AC: -19 Gold: 79 Moves: 33751 Your Inventory: Coins $ - 79 gold pieces Armor b - a blessed +4 striped shirt (being worn) e - a [cursed +0] small shield [of telepathy] n - an uncursed +0 dwarvish iron helm of cold resistance (being worn) p - an uncursed +0 Uruk-hai shield of fire resistance (being worn) v - a blessed +5 pair of speed boots (being worn) y - a blessed +1 cloak of protection (being worn) G - a blessed +1 armor called Coffee [sleep dragon scale mail] (being worn) X - an uncursed +3 pair of leather gloves (being worn) Comestibles d - an uncursed Hot Futa Mare Dick named Lucky charm Wands Z - an [uncursed] wand of lightning [0:5] Tools a - a blessed [+0] unicorn horn f - a blessed bag of holding named Portal to the elemental plane of TEETH t - an uncursed stethoscope u - a blessed [magic] lamp called Actually magic w - an uncursed skeleton key I - an uncursed expensive camera [0:99] L - an uncursed silver bell [(Bell of Opening) (0:3)] Y - an uncursed towel Gems r - a blessed stone called Luckstone [luckstone] O - an [uncursed] green gem [worthless glass] P - 4 [uncursed] black gems [worthless glass] Q - an [uncursed] blue gem [worthless glass] R - 3 [uncursed] white gems [worthless glass] S - an [uncursed] red gem [worthless glass] T - an [uncursed] gray stone [flint] U - 2 [uncursed] orange gems [worthless glass] V - 2 [uncursed] yellow gems [worthless glass] W - an [uncursed] violet gem [worthless glass] Iron balls c - the blessed rustproof Iron Ball of Liberation (chained to you) (weapon in hand) Contents of the bag of holding named Portal to the elemental plane of TEETH: an [uncursed +0] chain mail [of cold resistance] a [cursed -1] visored helmet [of opposite alignment] Spells known in the end: Name Level Category Fail Memory Your skills at the end: Fighting Skills body armor [Skilled / Skilled] shield [Basic / Basic] Weapon Skills flail [Expert / Expert] sling [Basic / Skilled] Spellcasting Skills Final Attributes: You were piously aligned. Hunger level was 422. Your alignment was 103 / 178. Monster difficulty range was 4 - 20. Level difficulty was 26. You were immune to fire. You were immune to cold. You were immune to sleep. You were immune to poison. You were immune to level-drain. You were immune to sickness. You were magic-protected. You were punished. You were warned. You had automatic searching. You were displaced. You could fly. You could survive without air. You could walk through walls. You regenerated. You were very fast. You were extremely lucky (13). You had extra luck. Good luck did not time out for you. You are dead. Vanquished creatures: Medusa Croesus Warden Arianna 2 iron golems 2 purple worms a draken a lindworm a gold dragon a wyvern 2 amphiteres 2 tatzelworms a sarkany a guivre 2 baluchitheria a demilich a master mind flayer a titanothere 3 trappers a baby lindworm 3 guardian nagas 3 disenchanters 5 vampire lords a skeleton 4 prison guards 4 shopkeepers an aligned priest 5 captains 5 lava demons 5 inmates 3 liches 2 water trolls 2 clay golems 2 ice devils 2 lurkers above a frost giant an ettin 6 black puddings 16 vampires 14 lieutenants a watch captain 25 ghosts 3 locusts 8 giant mimics 2 fire giants an ogre king 14 ice trolls 3 rock trolls an umber hulk a flesh golem a hezrou 2 bone devils 3 large mimics a wumpus 2 baby long worms 3 long worms 2 couatls 6 stalkers 3 earth elementals 2 water elementals 3 hill giants 2 black nagas 4 xorns 9 giant zombies 4 elf-lords 29 sergeants 3 winter wolves 16 small mimics a glass piercer 2 rodents of unusual size a warhorse 4 xans an ettin mummy an ogre lord 6 quantum mechanics 10 trolls a sasquatch an erinys 3 mariliths 4 sharks a gelatinous cube a pyrolisk 5 freezing spheres 5 flaming spheres 4 shocking spheres 5 tigers 3 gargoyles 8 tengu 3 leocrottas 2 stone giants an elf mummy 2 human mummies a red naga 3 pit vipers a python a cobra 28 wraiths a carnivorous ape 20 ettin zombies 3 Grey-elves 119 soldiers 6 watchmen 3 succubi 2 chameleons 59 giant beetles 4 quivering blobs 5 cockatrices 5 wolves 3 winter wolf cubs 2 lynxes 2 panthers 2 spotted jellies 72 leprechauns 2 orc-captains 4 iron piercers 4 mumakil 17 giant spiders 4 scorpions 2 horses 2 ice vortices 2 black lights 4 vampire bats 4 forest centaurs 5 gnome kings an orc mummy 6 dwarf mummies 3 ogres 6 brown puddings 7 rust monsters 10 owlbears 5 yetis 5 gold golems a werewolf 11 Green-elves 11 giant eels 5 lizards 3 dogs 3 dingos a housecat 4 jaguars 2 dwarf lords 2 blue jellies 4 white unicorns 2 gray unicorns 5 dust vortices 4 ravens 2 plains centaurs 2 Kop Kaptains 7 gnome mummies 3 snakes 19 apes 12 human zombies a rope golem 2 Woodland-elves 41 soldier ants 2 snow ants 16 bugbears an imp a quasit 3 wood nymphs 6 water nymphs 2 mountain nymphs 26 Mordor orcs 4 Uruk-hai 3 orc shamans 7 rock piercers 9 enormous rats 4 rock moles 2 ponies 2 fog clouds 7 yellow lights 2 shriekers 4 violet fungi 15 gnome lords 9 gnomish wizards 2 Kop Lieutenants 8 kobold mummies a red naga hatchling a golden naga hatchling 7 gray oozes a barrow wight 18 elf zombies 9 ghouls 2 straw golems 3 paper golems 3 jellyfish a baby crocodile 13 giant ants 6 little dogs 9 floating eyes 5 kittens 22 dwarves 4 kobold lords 6 kobold shamans 4 hill orcs 8 rothes 6 rabid rats a centipede 4 giant bats 2 Kop Sergeants 2 monkeys 14 orc zombies 17 dwarf zombies 2 wererats 2 werejackals 4 muggers 8 iguanas 22 killer bees 4 acid blobs 8 coyotes 3 gas spores 10 hobbits 17 manes 5 large kobolds 12 hobgoblins 4 giant rats 10 cave spiders a brown mold 3 yellow molds 4 green molds 3 red molds 101 gnomes 6 Keystone Kops 12 gnome zombies 5 geckos 10 jackals a fox 4 kobolds 6 goblins 10 sewer rats 9 grid bugs 5 bats 9 lichens 19 kobold zombies 8 newts 1553 creatures vanquished. Genocided or extinct species: soldiers (extinct) 1 species extinct. Voluntary challenges: You went without food. You never hit with a wielded weapon. You read items or engraved 47 times. You put on armor 232 times. You never genocided any monsters. You never polymorphed an object. You never changed form. You used no wishes. You abstained from Elbereth's help. You never encountered a bones level. You never used any Sokoban shortcuts. Dungeon overview: The Dungeons of Doom: levels 1 to 26 Level 1 a long staircase Level 2 a general store, an altar to Tymora, some fountains stairs to The Gnomish Mines Level 3 a potion shop, an altar Level 4 a scroll shop, a fountain Level 5 many fountains Level 6 an altar to Tymora, a fountain stairs to Sokoban Level 8 stairs to Town Level 9 a throne Level 10 a delicatessen, a fountain Level 11 some fountains portal to The Quest Level 12 a fountain Level 13 portal to Fort Ludios Level 17 a fountain Level 18 a general store, a fountain Level 19 a fountain Level 20 (One eye) an armor shop, some fountains, a sink portal to One-eyed Sam's Market Level 21 a fountain Level 26 <- You were here a magic chest, a fountain Gehennom: Level 27 a temple, a magic chest stairs to The Dungeons of Doom The Gnomish Mines: levels 3 to 11 Level 3 stairs to The Dungeons of Doom Level 5 many shops, a temple to Tymora, a magic chest Level 11 some fountains The Quest: levels 1 to 5 Level 1 (Succ) an altar to Tymora, a magic chest, a sink portal to The Dungeons of Doom Level 3 a general store, a sink Sokoban: levels 3 to 5 Level 5 a magic chest stairs to The Dungeons of Doom Town: levels 5 to 7 Level 5 many shops, some fountains, a sink Level 6 some fountains, some trees Level 7 stairs to The Dungeons of Doom Fort Ludios: Level 1 a magic chest portal to The Dungeons of Doom One-eyed Sam's Market: Level 1 portal to The Dungeons of Doom History has recorded: On T:1 you entered the Dungeons of Doom to retrieve the Amulet of Yendor! On T:284 you reached level 2 of The Dungeons of Doom. On T:658 you advanced to experience level 2. On T:749 you advanced to experience level 3. On T:1023 you advanced to experience level 4. On T:1148 you reached level 1 of The Gnomish Mines. On T:1196 you advanced to experience level 5. On T:1290 you advanced to experience level 6. On T:2252 you advanced to experience level 7. On T:2428 you reached level 3 of The Dungeons of Doom. On T:2639 you reached level 4 of The Dungeons of Doom. On T:2929 you reached level 5 of The Dungeons of Doom. On T:3121 you reached level 6 of The Dungeons of Doom. On T:3287 you reached level 3 of Sokoban. On T:3431 you reached level 7 of The Dungeons of Doom. On T:3570 you advanced to experience level 8. On T:3644 you reached level 8 of The Dungeons of Doom. On T:3820 you reached level 9 of The Dungeons of Doom. On T:4050 you reached level 10 of The Dungeons of Doom. On T:4267 you reached level 11 of The Dungeons of Doom. On T:4594 you advanced to experience level 9. On T:5020 you reached level 1 of The Quest. On T:5111 you reached level 3 of Town. On T:5200 you reached level 2 of Town. On T:8143 you advanced to experience level 10. On T:9274 you embarked upon an epic quest. On T:9355 you reached level 2 of The Quest. On T:9514 you reached level 3 of The Quest. On T:9682 you advanced to experience level 11. On T:11024 you reached level 4 of The Quest. On T:11245 you reached level 5 of The Quest. On T:11315 you killed Warden Arianna on level 5 of The Quest. On T:11677 you completed the quest! On T:12332 you received Luck Blade from Tymora. On T:12526 you received Frost Brand from Tymora. On T:13249 you advanced to experience level 12. On T:13587 you reached level 1 of Town. On T:14290 you reached level 3 of The Gnomish Mines. On T:14626 you received a rustproof flail of searching from Tymora. On T:16032 you reached level 4 of The Gnomish Mines. On T:17724 you reached level 5 of The Gnomish Mines. On T:18151 you reached level 6 of The Gnomish Mines. On T:18317 you reached level 7 of The Gnomish Mines. On T:18633 you reached level 8 of The Gnomish Mines. On T:18837 you reached level 9 of The Gnomish Mines. On T:20745 you reached level 2 of Sokoban. On T:21059 you reached level 1 of Sokoban. On T:23575 you reached level 12 of The Dungeons of Doom. On T:23808 you reached level 13 of The Dungeons of Doom. On T:23968 you advanced to experience level 13. On T:24198 you reached Fort Knox. On T:24970 you killed Croesus in Fort Knox. On T:25124 you advanced to experience level 14. On T:26092 you received Werebane from Tymora. On T:26530 you reached level 14 of The Dungeons of Doom. On T:26655 you reached level 15 of The Dungeons of Doom. On T:26992 you reached level 16 of The Dungeons of Doom. On T:27285 you reached level 17 of The Dungeons of Doom. On T:27614 you reached level 18 of The Dungeons of Doom. On T:27860 you reached level 19 of The Dungeons of Doom. On T:28042 you reached level 20 of The Dungeons of Doom. On T:28257 you reached level 1 of One-eyed Sam's Market. On T:29782 you reached level 21 of The Dungeons of Doom. On T:30031 you reached level 22 of The Dungeons of Doom. On T:30334 you killed Medusa on level 22 of The Dungeons of Doom. On T:30376 you reached level 23 of The Dungeons of Doom. On T:30383 you advanced to experience level 15. On T:30838 you reached level 24 of The Dungeons of Doom. On T:31293 you reached level 25 of The Dungeons of Doom. On T:31740 you reached The Castle. On T:32815 you reached The Valley of the Dead. Latest messages: Your body begins to feel less solid. There are several objects here. There is an open door here. There are several objects here. There are many objects here. You see here a dagger. The energy vortex just misses! The energy vortex misses. You hit the energy vortex! You are jolted with electricity! You bite the energy vortex. You are jolted with electricity! [HP-50=45] You hit the energy vortex! You are jolted with electricity! You bite the energy vortex. The energy vortex suddenly seems weaker! You are jolted with electricity! You die... Final status: Goodbye Arrhythmia the Convict... You died in The Dungeons of Doom on dungeon level 26 with 18232 points, and 79 pieces of gold, after 33751 moves. You were level 15 with a maximum of 95 hit points when you died.